 Dungeon Crawl Stone Soup version 0.20-a0-772-g73021bd (webtiles) character file.

163 varedna the Skirmisher (level 5, 0/44 HPs)
             Began as a Barachian Fighter on Feb 26, 2017.
             Slain by an ice beast (8 damage)
             ... on level 4 of the Dungeon.
             The game lasted 00:06:32 (1966 turns).

varedna the Skirmisher (Barachian Fighter)          Turns: 1966, Time: 00:06:33

Health: 0/44       AC:  8    Str: 17    XL:     5   Next: 44%
Magic:  5/5        EV:  7    Int:  9    God:
Gold:   73         SH:  9    Dex: 12    Spells: 4/4 levels left

rFire    . . .     SeeInvis .   a - +0 long sword
rCold    . . .     Gourm    .   b - +0 scale mail
rNeg     . . .     Faith    .   c - +0 shield
rPois    .         Spirit   .   (no helmet)
rElec    .         Reflect  .   t - +0 cloak
rCorr    .         Harm     .   (no gloves)
MR       .....                  (no boots)
Stlth    +.........             (no amulet)
Regen    0.2/turn               (no ring)
MPRegen  0.1/turn               k - ring of stealth

@: slow
A: +LOS, swims, slowness 1, strong legs 1
a: Hop


You were on level 4 of the Dungeon.
You were not hungry.

You visited 1 branch of the dungeon, and saw 4 of its levels.

You collected 73 gold pieces.

Inventory:

Hand Weapons
 a - a +0 long sword (weapon)
Armour
 b - a +0 scale mail (worn)
 c - a +0 shield (worn)
 t - a +0 cloak (worn)
Jewellery
 k - a ring of stealth (left hand)
Scrolls
 h - a scroll of recharging
 l - 2 scrolls of fog
 w - a scroll of teleportation
Potions
 d - a potion of might
 e - 2 potions of agility
 i - a potion of degeneration {unknown}
 m - 2 potions of heal wounds
 o - 3 potions of mutation {unknown}
 q - 2 potions of brilliance {unknown}
 v - a potion of magic {unknown}
 x - a potion of curing {unknown}
Comestibles
 f - 3 bread rations
 j - 2 royal jellies
 r - 7 chunks of flesh
 s - 2 meat rations


   Skills:
 * Level 5.0 Fighting
 * Level 4.3 Long Blades
 + Level 4.4 Armour
 + Level 3.9 Shields


You had 4 spell levels left.
You didn't know any spells.

Dungeon Overview and Level Annotations

Branches:
Dungeon (4/15)
 Temple: D:4-7

Altars:


Innate Abilities, Weirdness & Mutations

Shadows flee at your approach. (+LOS)
You can swim through water.
You cover ground slowly.
You can hop short distances.


Message History

The ice beast is heavily wounded.
The ice beast barely misses you.
The ice beast hits you but does no damage.
You closely miss the ice beast.
The ice beast is heavily wounded.
The ice beast hits you but does no damage.
You closely miss the ice beast.
The ice beast is heavily wounded.
The ice beast hits you but does no damage.
You hit the ice beast but do no damage.
The ice beast is heavily wounded.
You block the ice beast's attack.
Your shield and scale mail prevent you from hitting the ice beast.
The ice beast is heavily wounded.
The ice beast hits you. The ice beast freezes you.
* * * LOW HITPOINT WARNING * * *
The ice beast hits you.
* * * LOW HITPOINT WARNING * * *
The ice beast freezes you!
You die...

***#...........<# *,
****#......####### *,
*,,,#............# *,
*,,,#............# *,
*,,,#............####*******,
*,,,+................,,,,,,,,
*,,,#.....##'###.###*********
*,,,#.....##.# *,#
*,,,#.....##@# *,*
*,,,#.....##Y#**+***
**+*#.....#...,,,,,*
******,*#...###....,,,,*
,,,,,,,*#...* #.....,,,*
,,,,,***#...* #......,,*
,,,,,+,,....* #...)...,*
,,,,,***,,,,* #........*
,,,,,,,,,**** ##########


You could see an ice beast.

Vanquished Creatures
  A worker ant (D:4)
  Ijyb (D:2)
  2 adders
  An ooze (D:3)
  An adder skeleton (D:4)
  2 worms
  6 dart slugs
  3 leopard geckos
  An orc (D:3)
  5 bats
  5 giant cockroaches
  7 goblins
  10 hobgoblins
  6 jackals (D:3)
  4 frilled lizards
  3 kobolds
  6 rats
64 creatures vanquished.

Notes
Turn   | Place    | Note
-------+----------+-------------------------------------------
     0 | D:1      | varedna the Barachian Fighter began the quest for the Orb.
     0 | D:1      | Reached XP level 1. HP: 18/18 MP: 1/1
   115 | D:1      | Reached XP level 2. HP: 21/25 MP: 2/2
   151 | D:1      | Reached skill level 4 in Fighting
   346 | D:1      | Reached XP level 3. HP: 30/30 MP: 3/3
   581 | D:2      | You fall through a shaft!
   839 | D:2      | Noticed Ijyb
   856 | D:2      | Killed Ijyb
   856 | D:2      | Reached XP level 4. HP: 28/38 MP: 4/4
  1630 | D:3      | Reached XP level 5. HP: 43/43 MP: 5/5
  1939 | D:4      | Noticed an ice beast
  1947 | D:4      | Reached skill level 5 in Fighting
  1966 | D:4      | Slain by an ice beast

Vault maps used:
D:1:      minmay_arrival_radiant_lines, minmay_crystal_room
D:2:      first_bread, uniq_iyjb
D:4:      nrook_mini_vaults, uniq_crazy_yiuf_cottage

Skill      XL: |  1  2  3  4  5 |
---------------+----------------+-----
Fighting       | 4 5 |  5.0
Long Blades    | 3 4 |  4.3
Armour         | 4 |  4.4
Shields        | |  3.9

Action                   |  1- 3 |  4- 6 || total
-------------------------+-------+-------++-------
Melee: Long sword        |   105 |   112 ||   217
  Use: Scroll            |       |     9 ||     9
  Eat: Chunk             |       |     5 ||     5
Armor: Scale mail        |    47 |    52 ||    99
Dodge: Dodged            |    33 |    31 ||    64
Block: Shield            |    51 |    41 ||    92
       Rpst.: Long sword |     9 |    11 ||    20
